Map: Overgrowth LE (Void)

Players

Entelechy

  • Race: Protoss Protoss
  • League: Gold
  • Spawn Location: 1:00

Fropez - Winner!

  • Race: Protoss Protoss
  • League: Gold
  • Spawn Location: 7:00

VOD

Have the link to the VOD?

Description

Time

  • Played on: Jan. 2, 2017, 9:21 p.m.
  • Length: 12:13
Show
View Real Time Build Order
Export as new Build Order

Entelechy Protoss 

Build Orders: Oracle Opening 

Get SALT Encoding   

  12  0:10  Pylon  
  12  0:13  Probe (Chrono Boost)  
  13  0:28  Gateway  
  13  0:33  Assimilator  
  13  0:40  Assimilator  
  13  0:44  Probe (Chrono Boost)  
  14  0:55  Probe (Chrono Boost)  
  15  1:05  Probe (Chrono Boost)  
  16  1:16  Probe (Chrono Boost)  
  16  1:17  Cybernetics Core  
  17  1:26  Probe (Chrono Boost)  
  18  1:37  Probe (Chrono Boost)  
  18  1:39  Pylon  
  19  1:50  Pylon  
  19  1:54  Probe (Chrono Boost)  
  20  2:08  Stargate  
  20  2:16  Stargate  
  20  2:23  Probe (Chrono Boost)  
  21  2:34  Probe (Chrono Boost)  
  22  2:44  Probe (Chrono Boost)  
  22  2:47  Oracle  
  22  2:48  Forge  
  26  3:01  Oracle  
  29  3:21  Oracle  
  32  3:37  Nexus  
  32  3:46  Probe (Chrono Boost)  
  33  3:56  Pylon  
  33  3:57  Void Ray  
  37  4:25  Void Ray  
  41  4:38  Void Ray  
  45  4:55  Warp Gate  
  45  5:02  Probe (Chrono Boost)  
  46  5:08  Assimilator  
  46  5:13  Probe (Chrono Boost)  
  47  5:19  Protoss Shields Level 1  
  47  5:23  Probe (Chrono Boost)  
  48  5:34  Probe (Chrono Boost)  
  49  5:44  Probe (Chrono Boost)  
  46  6:07  Void Ray  
  46  6:17  Void Ray  
  50  6:19  Probe (Chrono Boost)  
  51  6:26  Assimilator  
  51  6:29  Pylon  
  51  6:30  Probe (Chrono Boost)  
  51  6:32  Pylon  
  52  6:40  Probe (Chrono Boost)  
  53  6:51  Probe (Chrono Boost)  
  54  7:01  Probe (Chrono Boost)  
  55  7:12  Probe (Chrono Boost)  
  50  7:34  Void Ray x2  
  54  7:40  Probe (Chrono Boost)  
  55  7:50  Probe (Chrono Boost)  
  56  8:00  Nexus  
  56  8:01  Pylon, Probe (Chrono Boost)  
  56  8:04  Stargate  
  56  8:05  Pylon, Stargate  
  57  8:07  Assimilator  
  57  8:12  Probe (Chrono Boost)  
  58  8:13  Assimilator  
  58  8:15  Photon Cannon  
  58  8:17  Void Ray  
  62  8:20  Photon Cannon  
  62  8:21  Pylon  
  62  8:22  Probe (Chrono Boost)  
  62  8:25  Pylon  
  63  8:32  Pylon  
  63  8:33  Probe (Chrono Boost)  
  60  8:45  Mothership Core (Chrono Boost)  
  52  9:17  Void Ray x2  
  52  9:24  Probe (Chrono Boost)  
  64  9:34  Probe (Chrono Boost)  
  53  9:57  Probe (Chrono Boost)  
  45  10:08  Probe (Chrono Boost)  
  45  10:18  Probe (Chrono Boost)  
  46  10:29  Probe (Chrono Boost)  
  47  11:46  Pylon  
  47  11:50  Pylon  
  35  12:01  Probe (Chrono Boost)  
  35  12:03  Pylon  
Show
View Real Time Build Order
Export as new Build Order

Fropez Protoss - Winner!

Build Orders: 1 Gate Expand 

Get SALT Encoding   

  12  0:01  Probe (Chrono Boost)  
  13  0:11  Probe (Chrono Boost)  
  14  0:17  Pylon  
  14  0:22  Probe (Chrono Boost)  
  16  0:35  Probe (Chrono Boost)  
  16  0:38  Gateway  
  16  0:46  Probe (Chrono Boost)  
  17  1:09  Nexus  
  17  1:12  Assimilator  
  17  1:14  Probe (Chrono Boost)  
  18  1:32  Cybernetics Core  
  18  1:34  Probe (Chrono Boost)  
  19  1:46  Pylon, Probe (Chrono Boost)  
  20  1:51  Assimilator  
  20  1:56  Probe (Chrono Boost)  
  20  2:00  Gateway  
  21  2:06  Warp Gate  
  21  2:20  Probe (Chrono Boost)  
  22  2:23  Stalker  
  22  2:24  Probe (Chrono Boost)  
  25  2:32  Probe (Chrono Boost)  
  25  2:36  Probe (Chrono Boost), Assimilator  
  27  2:40  Assimilator  
  27  2:46  Probe (Chrono Boost), Stalker  
  30  2:54  Mothership Core (Chrono Boost)  
  32  3:01  Probe (Chrono Boost)  
  33  3:12  Probe (Chrono Boost)  
  35  3:13  Probe (Chrono Boost)  
  35  3:18  Pylon  
  35  3:20  Stalker  
  35  3:22  Probe (Chrono Boost)  
  38  3:32  Probe (Chrono Boost), Stalker  
  41  3:37  Probe (Chrono Boost)  
  42  3:48  Twilight Council  
  42  3:53  Gateway  
  42  4:03  Pylon  
  42  4:08  Probe (Chrono Boost)  
  44  4:10  Probe (Chrono Boost)  
  31  4:22  Stalker x2  
  35  4:26  Probe (Chrono Boost)  
  35  4:27  Probe (Chrono Boost)  
  35  4:30  Pylon  
  37  4:36  Probe (Chrono Boost)  
  36  4:44  Probe (Chrono Boost)  
  37  4:46  Stalker  
  37  4:48  Blink  
  37  4:49  Stalker  
  37  4:51  Probe (Chrono Boost)  
  42  4:56  Probe (Chrono Boost)  
  43  5:02  Probe (Chrono Boost)  
  43  5:05  Stalker  
  47  5:08  Probe (Chrono Boost)  
  47  5:12  Probe (Chrono Boost)  
  48  5:19  Pylon  
  48  5:20  Probe (Chrono Boost)  
  49  5:23  Probe (Chrono Boost)  
  50  5:29  Stalker  
  50  5:32  Probe (Chrono Boost)  
  50  5:34  Probe (Chrono Boost)  
  54  5:44  Probe (Chrono Boost)  
  54  5:48  Pylon  
  49  5:51  Pylon  
  49  5:56  Stalker x2  
  43  6:08  Stalker  
  43  6:09  Probe (Chrono Boost)  
  43  6:10  Probe (Chrono Boost)  
  47  6:20  Probe (Chrono Boost)  
  47  6:22  Probe (Chrono Boost)  
  49  6:30  Probe (Chrono Boost)  
  49  6:31  Nexus  
  50  6:34  Probe (Chrono Boost)  
  50  6:36  Dark Shrine  
  51  6:41  Probe (Chrono Boost)  
  51  6:47  Probe (Chrono Boost)  
  53  6:49  Pylon  
  53  6:51  Probe (Chrono Boost), Stalker x3  
  60  6:59  Probe (Chrono Boost)  
  61  7:06  Probe (Chrono Boost)  
  62  7:11  Probe (Chrono Boost)  
  63  7:17  Probe (Chrono Boost), Forge  
  64  7:43  Probe x2 (Chrono Boost), Forge  
  66  7:47  Pylon  
  66  7:48  Protoss Ground Weapons Level 1, Dark Templar  
  66  7:49  Pylon, Dark Templar  
  71  7:51  Probe (Chrono Boost)  
  71  7:52  Pylon  
  71  7:53  Probe (Chrono Boost)  
  71  7:55  Pylon  
  72  8:00  Pylon  
  72  8:03  Probe (Chrono Boost)  
  73  8:06  Probe (Chrono Boost)  
  73  8:08  Pylon  
  74  8:16  Dark Templar  
  76  8:22  Dark Templar x2  
  80  8:51  Probe (Chrono Boost)  
  80  8:52  Probe (Chrono Boost)  
  80  8:53  Probe (Chrono Boost)  
  81  9:08  Stalker x3  
  87  9:12  Assimilator  
  87  9:16  Assimilator  
  87  9:19  Pylon, Probe (Chrono Boost)  
  87  9:20  Probe (Chrono Boost)  
  89  9:25  Probe (Chrono Boost)  
  89  9:29  Nexus, Probe (Chrono Boost)  
  91  9:32  Assimilator  
  91  9:33  Stalker x3  
  91  9:37  Assimilator  
  97  9:42  Pylon  
  98  9:53  Probe (Chrono Boost)  
  98  10:13  Stalker x2  
  100  10:19  Gateway  
  100  10:22  Gateway  
  100  10:24  Gateway  
  99  10:33  Gateway  
  99  10:35  Gateway  
  95  10:36  Gateway  
  95  10:37  Gateway x2  
  95  10:39  Gateway  
  95  10:40  Gateway  
  95  10:43  Cybernetics Core  
  95  10:44  Pylon  
  95  10:47  Pylon  
  95  10:48  Pylon  
  95  10:55  Probe x2 (Chrono Boost)  
  95  10:57  Probe x2 (Chrono Boost)  
  97  11:03  Nexus  
  89  11:26  Gateway x2  
  89  11:28  Gateway  
  89  11:29  Gateway  
  89  11:34  Stalker x3  
  89  11:35  Stalker x3  
Tags
 
Add a new tag
Caveats
  • Supply blocks, unpowered buildings, or Contaminate may cause inaccurate times.
  • Supply counts are checked every 10 seconds.